[Event "FRA-ch Open A-D 2018"]
[Site "Nimes"]
[Date "2018.08.26"]
[Round "9"]
[White "Radoman, Emmanuel"]
[Black "Dimey, Cyrille"]
[Result "1/2-1/2"]
[ECO "C05"]
[WhiteElo "1818"]
[BlackElo "1807"]
[Annotator "NA"]
[PlyCount "95"]
[EventDate "2018.08.18"]
[EventType "tourn"]
[EventCountry "FRA"]
[SourceTitle "playchess.com"]
[Source "ChessBase"]
[SourceQuality "1"]
[TimeControl "40/5400+30:1800+30"]

1. e4 e6 2. d4 d5 3. Nd2 Nf6 4. e5 Nfd7 5. Bd3 c5 6. c3 b6 7. Ne2 Ba6 8. Nf3 Bxd3 9. Qxd3 Nc6 10. Bd2 Rc8 11. O-O Be7 12. Rac1 O-O 13. g3 cxd4 14. cxd4 Qc7 15. h4 Rfe8 16. Nf4 Nf8 17. Kg2 Qd7 18. Nh5 Nb4 19. Qe3 Rxc1 20. Rxc1 a5 21. a3 Na6 22. Qf4 Ng6 23. Qg4 Kh8 24. Nxg7 Kxg7 25. h5 Kh8 26. hxg6 fxg6 27. Rh1 Kg8 28. Qh3 Bd8 29. Nh2 Nb8 30. Be3 Nc6 31. g4 Rf8 32. g5 b5 33. Ng4 b4 34. Nf6+ Bxf6 35. gxf6 bxa3 36. bxa3 Rf7 37. Qh4 Qb7 38. Bh6 Qa7 39. Bg7 Rxg7 40. fxg7 Qxg7 41. Rc1 Qd7 42. Rc5 a4 43. Qf4 Qe8 44. Qc1 Ne7 45. Rc7 h5 46. Qg5 Nf5 47. Qf6 h4 48. Kh3 1/2-1/2

[Event "FRA-ch Open A-D 2018"]
[Site "Nimes"]
[Date "2018.08.26"]
[Round "9"]
[White "Alashtar, Aasef"]
[Black "Piat, Jean-Pascal"]
[Result "1-0"]
[ECO "A05"]
[WhiteElo "1724"]
[BlackElo "1711"]
[Annotator "NA"]
[PlyCount "53"]
[EventDate "2018.08.18"]
[EventType "tourn"]
[EventCountry "FRA"]
[SourceTitle "playchess.com"]
[Source "ChessBase"]
[SourceQuality "1"]
[TimeControl "40/5400+30:1800+30"]

1. Nf3 Nf6 2. g3 Nc6 3. d4 e6 4. Bg2 Be7 5. O-O O-O 6. c4 a6 7. Nc3 Bb4 8. Qd3 Bxc3 9. bxc3 d6 10. Rb1 Rb8 11. e4 e5 12. h3 h6 13. Nh4 Ne7 14. f4 Ng6 15. Nf5 exf4 16. Bxf4 Nxf4 17. Rxf4 Kh8 18. h4 Nh5 19. Rf2 Bxf5 20. exf5 b6 21. g4 Nf6 22. Qg3 Nh7 23. Bc6 f6 24. Re2 Rf7 25. Rbe1 Rf8 26. Re7 a5 27. Rd7 1-0

[Event "FRA-ch Open A-D 2018"]
[Site "Nimes"]
[Date "2018.08.26"]
[Round "9"]
[White "Rasolo, Loick"]
[Black "Prudent, Sylvio"]
[Result "1-0"]
[ECO "B00"]
[WhiteElo "1723"]
[BlackElo "1709"]
[Annotator "NA"]
[PlyCount "83"]
[EventDate "2018.08.18"]
[EventType "tourn"]
[EventCountry "FRA"]
[SourceTitle "playchess.com"]
[Source "ChessBase"]
[SourceQuality "1"]
[TimeControl "40/5400+30:1800+30"]

1. e4 b6 2. d4 Bb7 3. Nc3 e6 4. a3 c5 5. Nf3 cxd4 6. Nxd4 Nf6 7. Bd3 Bc5 8. Nb3 Be7 9. O-O Nc6 10. f4 d6 11. h3 Nd7 12. f5 O-O 13. fxe6 fxe6 14. Bc4 Rxf1+ 15. Qxf1 Nf8 16. Bf4 Qd7 17. Rd1 Ng6 18. Bxd6 Bxd6 19. Nb5 Rf8 20. Qd3 Nge5 21. Qxd6 Qxd6 22. Nxd6 Nxc4 23. Nxc4 Ba6 24. Ncd2 Ne5 25. Nd4 Rd8 26. N2b3 Nc6 27. Rd2 Na5 28. Nxe6 Re8 29. Nc7 Nxb3 30. cxb3 Rxe4 31. Nxa6 Re7 32. Kf2 Rb7 33. Rc2 Rf7+ 34. Kg3 Rf6 35. Rc7 Rg6+ 36. Kh2 Rd6 37. Rxa7 Rd2 38. Rb7 Rd6 39. b4 h6 40. b5 Rf6 41. b4 Re6 42. a4 1-0

[Event "FRA-ch Open A-D 2018"]
[Site "Nimes"]
[Date "2018.08.26"]
[Round "9"]
[White "Morais, Thomas"]
[Black "Sylvestre-Baron, Laurent"]
[Result "0-1"]
[ECO "B24"]
[WhiteElo "1687"]
[BlackElo "1730"]
[Annotator "NA"]
[PlyCount "186"]
[EventDate "2018.08.18"]
[EventType "tourn"]
[EventCountry "FRA"]
[SourceTitle "playchess.com"]
[Source "ChessBase"]
[SourceQuality "1"]
[TimeControl "40/5400+30:1800+30"]

1. e4 c5 2. Nc3 Nc6 3. Bb5 Nd4 4. Bc4 a6 5. d3 e6 6. Nf3 b5 7. Bb3 Nxb3 8. axb3 Bb7 9. O-O h6 10. h3 d5 11. exd5 exd5 12. Re1+ Be7 13. Qe2 d4 14. Ne4 Kf8 15. Bf4 Nf6 16. Nxf6 Bxf6 17. Be5 Kg8 18. Bxf6 Qxf6 19. Qe7 Bxf3 20. Qxf6 gxf6 21. gxf3 Kg7 22. Kf1 Rhe8 23. Rxe8 Rxe8 24. Rxa6 Re6 25. Ra7 Kg6 26. Rd7 b4 27. f4 Rc6 28. Kg2 Kf5 29. Kf3 Ke6 30. Rd8 Ra6 31. f5+ Ke7 32. Rd5 Rc6 33. Kg4 Kf8 34. Kh5 Kg7 35. h4 Rc7 36. Kg4 Rc8 37. Kf3 h5 38. Rd6 Re8 39. Rd5 Rc8 40. Rd6 Re8 41. Rd5 Rc8 42. Kf4 Rc7 43. f3 Rc8 44. Kg3 Kf8 45. f4 Re8 46. Rxc5 Re3+ 47. Kg2 Re2+ 48. Kf3 Re3+ 49. Kf2 Rh3 50. Rd5 Rxh4 51. Kg3 Rg4+ 52. Kf3 Rg1 53. Rxd4 h4 54. Kf2 Rg4 55. Kf3 h3 56. Kxg4 h2 57. Rxb4 h1=Q 58. Rc4 Qg2+ 59. Kh4 Qh1+ 60. Kg3 Qb1 61. Kf3 Qxb2 62. Ke4 Ke7 63. Rc7+ Kd6 64. Rc4 Qa1 65. Rd4+ Ke7 66. Rc4 Qa8+ 67. Kd4 Kd6 68. Kc3 Qa5+ 69. b4 Qxf5 70. Rd4+ Kc6 71. Rc4+ Kb6 72. Kb3 Qe6 73. c3 Qd5 74. Kc2 Qg2+ 75. Kb3 Qe2 76. Rd4 Kc6 77. Rc4+ Kb5 78. Rc5+ Kb6 79. Rd5 f5 80. c4 Qd1+ 81. Kc3 Qc1+ 82. Kb3 Qxf4 83. Rb5+ Kc6 84. Rc5+ Kd6 85. Rd5+ Ke6 86. b5 Qc1 87. Kb4 f4 88. b6 f3 89. Rb5 f2 90. b7 f1=Q 91. Rb6+ Kd7 92. b8=Q Qb2+ 93. Kc5 Qf5+ 0-1

[Event "FRA-ch Open A-D 2018"]
[Site "Nimes"]
[Date "2018.08.26"]
[Round "9"]
[White "Fischer, Thorange"]
[Black "Bernard, Louis"]
[Result "1/2-1/2"]
[ECO "A00"]
[WhiteElo "1577"]
[BlackElo "1708"]
[Annotator "NA"]
[PlyCount "87"]
[EventDate "2018.08.18"]
[EventType "tourn"]
[EventCountry "FRA"]
[SourceTitle "playchess.com"]
[Source "ChessBase"]
[SourceQuality "1"]
[TimeControl "40/5400+30:1800+30"]

1. e3 d5 2. c4 e6 3. d4 Nf6 4. Nf3 Nbd7 5. Nc3 Be7 6. Bd3 O-O 7. O-O dxc4 8. Bxc4 c5 9. e4 cxd4 10. Nxd4 Qc7 11. Bb3 Nc5 12. Qe2 e5 13. Ndb5 Qb6 14. Nd5 Nxd5 15. Bxd5 a6 16. Nc3 Qg6 17. f3 Ne6 18. Be3 Bg5 19. Bxg5 Qxg5 20. Bxe6 Bxe6 21. Rfd1 Rfd8 22. Nd5 Rac8 23. Qd2 Qxd2 24. Rxd2 Bxd5 25. exd5 Rd6 26. Kf2 Rc5 27. Rad1 f5 28. Ke3 Kf7 29. g4 g6 30. g5 Ke7 31. h4 Rb5 32. h5 Kd7 33. hxg6 hxg6 34. f4 e4 35. a3 Rb3+ 36. Kd4 Rdb6 37. Rb1 Rxa3 38. Rh1 Ra4+ 39. Ke5 Ra5 40. Rh7+ Kc8 41. Rh8+ Kd7 42. Rh7+ Kc8 43. Rh8+ Kd7 44. Rh7+ {[%emt 0:00:21] Ra4 Rh1 e3 Rd4} 1/2-1/2

[Event "FRA-ch Open A-D 2018"]
[Site "Nimes"]
[Date "2018.08.26"]
[Round "9"]
[White "Alcindor, Samuel"]
[Black "Davidou, Delphine"]
[Result "0-1"]
[ECO "B32"]
[WhiteElo "1462"]
[BlackElo "1446"]
[Annotator "NA"]
[PlyCount "146"]
[EventDate "2018.08.18"]
[EventType "tourn"]
[EventCountry "FRA"]
[SourceTitle "playchess.com"]
[Source "ChessBase"]
[SourceQuality "1"]
[TimeControl "40/5400+30:1800+30"]

1. e4 c5 2. Nf3 Nc6 3. d4 cxd4 4. Nxd4 g6 5. Be3 Bg7 6. Be2 Nf6 7. Nc3 O-O 8. Qd2 d5 9. Nxc6 bxc6 10. e5 Ng4 11. Bxg4 Bxg4 12. h3 Be6 13. f4 Qa5 14. O-O Rfd8 15. Qd4 Qc7 16. Rf3 Bf5 17. g4 Be4 18. Nxe4 dxe4 19. Qxe4 Qd7 20. Kf2 Rab8 21. b3 Rb5 22. Qa4 Rb7 23. Re1 Qc7 24. Kg3 Rd5 25. Qc4 Ra5 26. a4 Rd5 27. Bc1 g5 28. Bb2 Qd8 29. Rd3 gxf4+ 30. Kxf4 e6 31. Rxd5 Bh6+ 32. Kg3 cxd5 33. Qe2 Bg5 34. Rf1 Bh4+ 35. Kg2 Qc7 36. Rf3 Qc6 37. Rc3 Qd7 38. Ba3 d4 39. Rc4 Qd5+ 40. Kg1 Rd7 41. Bb2 d3 42. cxd3 Qxd3 43. Qxd3 Rxd3 44. Rb4 Rd1+ 45. Kg2 Rd2+ 46. Kf3 Rxb2 47. g5 Be1 48. Rb7 Rf2+ 49. Ke3 Rh2 50. Kd3 Rxh3+ 51. Kc4 Rc3+ 52. Kd4 Rg3 53. Kc4 Bf2 54. b4 Rxg5 55. b5 h5 56. a5 h4 57. b6 axb6 58. a6 b5+ 59. Kxb5 Rxe5+ 60. Ka4 Rh5 61. Rb2 Rf5 62. Rb7 h3 63. a7 Bxa7 64. Rxa7 h2 65. Rc7 h1=Q 66. Rc4 Qa8+ 67. Kb3 Rb5+ 68. Kc3 Qa1+ 69. Kd3 Rd5+ 70. Ke3 Qe1+ 71. Kf4 Rf5+ 72. Kg4 Qg1+ 73. Kh4 Rg5 0-1

[Event "FRA-ch Open A-D 2018"]
[Site "Nimes"]
[Date "2018.08.26"]
[Round "9"]
[White "Grimault, Leane"]
[Black "Legeay, Julie"]
[Result "0-1"]
[ECO "A10"]
[WhiteElo "1376"]
[BlackElo "1477"]
[Annotator "NA"]
[PlyCount "98"]
[EventDate "2018.08.18"]
[EventType "tourn"]
[EventCountry "FRA"]
[SourceTitle "playchess.com"]
[Source "ChessBase"]
[SourceQuality "1"]
[TimeControl "40/5400+30:1800+30"]

1. c4 d6 2. g3 Nf6 3. Bg2 g6 4. Nf3 Bg7 5. O-O O-O 6. d3 c5 7. Bd2 Nc6 8. Nc3 Rb8 9. a3 a6 10. Rb1 b5 11. Qc1 bxc4 12. dxc4 Na5 13. Nd5 Nb3 14. Qd1 Bf5 15. Bg5 Bxb1 16. Qxb1 Nxd5 17. cxd5 h6 18. Be3 Rb5 19. Qd3 Qb6 20. Rb1 Qb7 21. h4 h5 22. Ng5 Nd4 23. b4 a5 24. Ne6 Rb8 25. Nxg7 Kxg7 26. Bxd4+ cxd4 27. Qxd4+ Kg8 28. Kh2 axb4 29. axb4 Rxb4 30. Rxb4 Qxb4 31. Qa7 Qb7 32. Qd4 Rc8 33. e4 Rc2 34. Bf3 Qb2 35. Qxb2 Rxb2 36. Kg2 Kg7 37. g4 hxg4 38. Bxg4 Kf6 39. Kg3 Ke5 40. f3 f5 41. exf5 gxf5 42. Bh3 Kxd5 43. Bxf5 Ke5 44. Bh3 Rb8 45. Kf2 Kf4 46. Bg4 e5 47. Ke2 e4 48. Be6 exf3+ 49. Ke1 Re8 0-1

[Event "FRA-ch Open A-D 2018"]
[Site "Nimes"]
[Date "2018.08.26"]
[Round "9"]
[White "Lovichi, Raphael"]
[Black "Gignoux-Pezzetti, Nathan"]
[Result "0-1"]
[ECO "C50"]
[WhiteElo "1372"]
[BlackElo "1458"]
[Annotator "NA"]
[PlyCount "86"]
[EventDate "2018.08.18"]
[EventType "tourn"]
[EventCountry "FRA"]
[SourceTitle "playchess.com"]
[Source "ChessBase"]
[SourceQuality "1"]
[TimeControl "40/5400+30:1800+30"]

1. e4 e5 2. Nf3 Nc6 3. Bc4 Be7 4. c3 Nf6 5. d3 d6 6. O-O Bg4 7. Re1 O-O 8. Nbd2 h6 9. Nf1 Nh7 10. h3 Bh5 11. Ng3 Bg6 12. d4 Ng5 13. Nh4 Nxh3+ 14. gxh3 Bxh4 15. Qg4 Bxg3 16. Qxg3 exd4 17. Qxg6 Ne5 18. Qg3 Nxc4 19. Bxh6 Qf6 20. Bg5 Qg6 21. cxd4 Rac8 22. Bf4 Qxg3+ 23. Bxg3 Rfe8 24. b3 Nd2 25. e5 Nf3+ 26. Kg2 Nxe1+ 27. Rxe1 dxe5 28. dxe5 Rcd8 29. e6 Rxe6 30. Rxe6 fxe6 31. Bxc7 Rd2 32. a4 Rb2 33. a5 Rxb3 34. Bb8 Rb5 35. Bxa7 Rxa5 36. Bb6 Rb5 37. Bd4 Rb1 38. Kg3 b5 39. Kf4 Kf7 40. Ke5 b4 41. h4 b3 42. f3 Re1+ 43. Kf4 e5+ 0-1

[Event "FRA-ch Open A-D 2018"]
[Site "Nimes"]
[Date "2018.08.26"]
[Round "9"]
[White "Choiset, Arthur"]
[Black "Sithisak, Remi"]
[Result "0-1"]
[ECO "B98"]
[WhiteElo "1313"]
[BlackElo "1360"]
[Annotator "NA"]
[PlyCount "72"]
[EventDate "2018.08.18"]
[EventType "tourn"]
[EventCountry "FRA"]
[SourceTitle "playchess.com"]
[Source "ChessBase"]
[SourceQuality "1"]
[TimeControl "40/5400+30:1800+30"]

1. e4 c5 2. Nf3 d6 3. d4 cxd4 4. Nxd4 Nf6 5. Nc3 a6 6. Bg5 e6 7. f4 Be7 8. Bd3 Qc7 9. Qf3 Nbd7 10. Nb3 b5 11. O-O-O b4 12. Ne2 Bb7 13. Ned4 Nc5 14. Nxc5 dxc5 15. Nb5 axb5 16. Bxb5+ Kf8 17. Bxf6 Bxf6 18. Rd7 Qb6 19. Qh5 g6 20. Qe2 Bc6 21. Bxc6 Qxc6 22. Qd3 Rxa2 23. Kd2 c4 24. Qd6+ Qxd6+ 25. Rxd6 Rxb2 26. Kc1 Ra2 27. Kd2 b3 28. e5 Be7 29. Rb6 Rxc2+ 30. Kd1 Ba3 31. Re1 Kg7 32. Re3 Rd8+ 33. Ke1 Bc5 34. Rbxb3 cxb3 35. Rxb3 Bf2+ 36. Kf1 Rd1# 0-1